 Dungeon Crawl Stone Soup version 0.29.1-1-gd02db6906a (webtiles) character file.

Game seed: 3466680684257078181

27302 AlexRAT the Fighter (level 13, -1/184 HPs)
             Began as a Minotaur Berserker on Oct 20, 2022.
             Was a High Priest of Trog.
             Slain by an entropy weaver (3 damage)
             ... in a Gauntlet.
             The game lasted 00:30:19 (13544 turns).

AlexRAT the Fighter (Minotaur Berserker)           Turns: 13544, Time: 00:30:20

Health: -1/184     AC: 11    Str: 30    XL:     13   Next: 3%
Magic:  12/12      EV: 12    Int:  4    God:    Trog [*****.]
Gold:   1227       SH:  0    Dex: 11    Spells: 12/12 levels left

rFire   + + .      SeeInvis +   b - +8 executioner's axe (vorpal)
rCold   . . .      Faith    .   (shield currently unavailable)
rNeg    + . .      Spirit   .   L - +0 plate armour
rPois   .          Reflect  .   l - +0 hat "Yfinaut" {rF++}
rElec   .          Harm     .   D - +2 cloak
rCorr   .          Rampage  .   (no gloves)
Will    ++...      NoTele   +   (no boots)
Stlth   ..........              u - amulet of regeneration
HPRegen 2.20/turn               y - +4 ring of protection
MPRegen 0.13/turn               M - ring of Attuvvub {rN+ Str+4 SInv}

@: berserking (expiring), lethally poisoned (-1 -> -14), strong-willed,
corroded, regenerating, very quick
A: horns 2, retaliatory headbutt
a: Renounce Religion, Berserk, Trog's Hand, Brothers in Arms


You were in a Gauntlet.
You worshipped Trog.
Trog was extremely pleased with you.
You visited 2 branches of the dungeon, and saw 15 of its levels.
You also visited: Sewer and Gauntlet.

You collected 1227 gold pieces.

Inventory:

Hand Weapons
 a - a +0 arbalest of freezing
 b - a +8 vorpal executioner's axe (weapon)
Missiles
 H - 11 javelins
 Q - 3 silver javelins (quivered)
Armour
 l - the +0 hat "Yfinaut" (worn) {rF++}
   (You acquired it in a Gauntlet)

   rF:        It greatly protects you from fire.
 D - a +2 cloak (worn)
 K - a scarf of resistance
 L - a +0 plate armour (worn)
Jewellery
 d - a ring of protection from fire
 e - a +6 ring of intelligence
 k - a +6 ring of strength
 u - an amulet of regeneration (around neck)
 y - a +4 ring of protection (left hand)
 I - a ring of protection from cold
 M - the ring of Attuvvub (right hand) {rN+ Str+4 SInv}
   (You found it in a Gauntlet)

   [ring of see invisible]

   Str:       It affects your strength (+4).
   rN:        It protects you from negative energy.
   SInv:      It lets you see invisible.
Wands
 i - a wand of roots (31)
 s - a wand of quicksilver (14)
 A - a wand of flame (25)
 E - a wand of paralysis (8)
 J - a wand of polymorph (10)
 O - a wand of digging (9)
Scrolls
 c - a scroll of fear
 h - 3 scrolls of enchant armour
 j - 6 scrolls of teleportation
 m - 2 scrolls of fog
 o - 4 scrolls of blinking
 r - 3 scrolls of silence
 x - 3 scrolls of poison
 G - 2 scrolls of enchant weapon
Potions
 f - 8 potions of curing
 g - 3 potions of ambrosia {unknown}
 n - 6 potions of heal wounds
 p - 3 potions of haste
 q - 2 potions of might {unknown}
 t - 3 potions of attraction {unknown}
 v - 5 potions of mutation {unknown}
 w - 3 potions of magic {unknown}
 z - a potion of invisibility
 B - a potion of lignification {unknown}
 C - 4 potions of flight
 P - a potion of resistance {unknown}
Miscellaneous
 F - a phantom mirror


   Skills:
 + Level 13.8 Fighting
 + Level 13.8 Axes
 + Level 3.0 Ranged Weapons
 - Level 13.0 Armour
 - Level 12.0 Dodging
 + Level 2.4 Evocations


You had 12 spell levels left.
You didn't know any spells.
Your spell library was empty.

Dungeon Overview and Level Annotations

Branches:
Dungeon (12/15)            Temple (0/1) D:4            Lair (3/5) D:10
  Swamp (0/4) Lair:3       Spider (0/4) Lair:3          Orc (0/2) D:9
  Sewer (visited)         Gauntlet (1/1)

Altars:
Ashenzari
Cheibriados
Elyvilon
Fedhas
Gozag
Makhleb
Nemelex Xobeh
Qazlal
Ru
Sif Muna
Trog
Uskayaw
Wu Jian
Xom
Yredelemnul
The Shining One

Shops:
D:11 (

Portals:
Trove: D:11 (give +4 demon whip)

Annotations:
D:9 3 runed translucent doors, AlexRAT's ghost, novice MiBe
D:11 2 transporters, Flure's ghost, journeyman KoBr Gauntlet 9 transporters, 1 runed translucent door


Innate Abilities, Weirdness & Mutations

You have a pair of horns on your head.
You reflexively headbutt those who attack you in melee.


Message History

The wolf spider barely misses you.
The wolf spider bites you but does no damage.
The entropy weaver hits you but does no damage.
The entropy weaver hits you! x2; The entropy weaver barely misses you.
You slash the wolf spider! You headbutt the wolf spider.
The wolf spider is severely wounded.
You completely miss the entropy weaver.
You feel extremely sick. The wolf spider hits you!
* * * LOW HITPOINT WARNING * * *
The wolf spider misses you.
The entropy weaver gestures at you while chanting.
The entropic weave corrodes you! The wolf spider hits you.
* * * LOW HITPOINT WARNING * * *
The wolf spider bites you but does no damage.
You hit the wolf spider but do no damage.
The wolf spider is severely wounded.
You barely miss the entropy weaver.
You feel extremely sick.
The entropy weaver hits you but does no damage. x2
The entropy weaver hits you.
* * * LOW HITPOINT WARNING * * *
The entropy weaver hits you.
* * * LOW HITPOINT WARNING * * *
The wolf spider hits you!
* * * LOW HITPOINT WARNING * * *
The wolf spider bites you.
* * * LOW HITPOINT WARNING * * *
You slice the entropy weaver!!
The entropy weaver is severely wounded.
You barely miss the wolf spider.
* * * LOW HITPOINT WARNING * * *
You feel extremely sick.
The wolf spider hits you but does no damage.
The wolf spider misses you.
The entropy weaver hits you but does no damage.
The entropy weaver barely misses you. The entropy weaver hits you.
* * * LOW HITPOINT WARNING * * *
The entropy weaver hits you.
You die...

###........#^^##.##.##........###
#≈.........#....©.(..#.........§#
##..#########################..##
≈...#...........©...........#...≈
#...#.©.........©.........©.#...#
..#############################..
..#.......#.#.......#.##..#Y#Y#..
..#......W#.#.#Bs##.#.#Y##.#.##..
..#.#####W#.#..†@##.#.##.^##.##..
..#...©...#.#.###...#.##.#©.#.#..
§§#.#####.#.#.###...#.#.#..##.#..
§.#.....W.#.#.###...#.#.###..##..
..#.|?©WWW#.#..[©!:.#.##/[©.[##..
..#########.#########.#########..
.......§.........................
§.....§...§...8.∩.8..............
#≈#≈#§#≈#§#############≈#≈#≈#≈#≈#


You could see an entropy weaver, a wolf spider and 2 shadows.

Vanquished Creatures
  A hydra (Lair:1)
  2 centaur warriors (D:8)
  A sixfirhy (Gauntlet)
  Pikel (D:8)
  3 ugly things
  A cyclops (D:12)
  Maurice (D:9)
  6 elephants (Lair:2)
  A manticore (D:12)
  A black mamba (Lair:1)
  5 cane toads
  A gargoyle (D:12)
  An unseen horror (D:11)
  Psyche (D:10)
  A kobold demonologist (D:11)
  5 komodo dragons
  3 trolls
  A tyrant leech (Gauntlet)
  2 hornets (D:8)
  Prince Ribbit (D:8)
  2 dream sheep (Lair:1)
  A vampire (D:12)
  A shadow (D:12)
  5 wyverns
  30 yaks
  5 basilisks
  2 steam dragons
  2 redbacks (Gauntlet)
  6 vampire mosquitoes
  2 swamp worms (Gauntlet)
  An acid dragon (D:8)
  4 water moccasins
  A swamp drake (D:10)
  5 black bears
  7 orc warriors
  2 sky beasts
  2 ice beasts
  An ogre (D:7)
  3 lemures (D:8)
  9 centaurs
  6 kobold brigands
  A gnoll sergeant (D:8)
  10 bullfrogs
  2 necrophages
  A scorpion (D:4)
  4 wights (D:8)
  11 killer bees
  2 electric eels
  7 howler monkeys
  7 crimson imps (D:12)
  3 hounds
  2 jellies
  8 orc priests
  4 gnoll boudas
  2 iguanas
  Ijyb (D:3)
  Natasha (thrice) (D:3)
  17 orc wizards
  14 gnolls
  9 river rats
  15 adders
  A shadow imp (D:12)
  A white imp (D:12)
  2 ufetubi (Gauntlet)
  2 worms
  A dart slug (D:5)
  34 orcs
  13 ball pythons
  11 endoplasms
  3 giant cockroaches
  7 goblins
  9 hobgoblins
  3 jackals
  3 quokkas
  8 bats
  A frilled lizard (Sewer)
  23 kobolds
  5 rats
386 creatures vanquished.

Vanquished Creatures (others)
  3 demonic plants (D:1)
  4 fungi
  17 plants
  A withered plant (D:1)
25 creatures vanquished.

Grand Total: 411 creatures vanquished

Notes
Turn   | Place    | Note
-------+----------+-------------------------------------------
     0 | D:1      | AlexRAT the Minotaur Berserker began the quest for the Orb.
     0 | D:1      | Reached XP level 1. HP: 19/19 MP: 0/0
   387 | D:1      | Reached XP level 2. HP: 27/27 MP: 1/1
   607 | D:1      | Found a faded altar of an unknown god.
   882 | D:1      | Reached XP level 3. HP: 30/33 MP: 2/2
  1044 | D:2      | Reached ** piety under Trog
  1316 | D:2      | Found a stormy altar of Qazlal.
  1580 | D:3      | Found a white marble altar of Elyvilon.
  1631 | D:3      | Noticed Ijyb
  1636 | D:3      | Killed Ijyb
  1637 | D:3      | Reached XP level 4. HP: 35/41 MP: 3/3
  1717 | D:3      | Found an ornate altar of the Wu Jian Council.
  2325 | D:3      | Noticed Natasha
  2329 | D:3      | Killed Natasha
  2335 | D:3      | Noticed Natasha
  2339 | D:3      | Killed Natasha
  2340 | D:3      | Reached XP level 5. HP: 47/47 MP: 4/4
  2421 | D:3      | Found a faded altar of an unknown god.
  2425 | D:3      | Found a blossoming altar of Fedhas.
  2535 | D:3      | Noticed Natasha
  2575 | D:3      | Killed Natasha
  2693 | D:4      | Reached skill level 5 in Fighting
  2693 | D:4      | Reached skill level 5 in Axes
  2897 | D:4      | Found a staircase to the Ecumenical Temple.
  3213 | D:5      | Entered Level 5 of the Dungeon
  3220 | D:5      | Reached XP level 6. HP: 44/56 MP: 5/5
  3248 | D:5      | Reached *** piety under Trog
  3316 | D:5      | Found a basalt altar of Yredelemnul.
  3351 | D:5      | Reached skill level 5 in Armour
  3351 | D:5      | Reached XP level 7. HP: 43/62 MP: 6/6
  3404 | D:5      | Found a glowing drain.
  3412 | Sewer    | Entered a sewer
  3829 | Sewer    | Reached skill level 5 in Dodging
  4204 | D:5      | Found a snail-covered altar of Cheibriados.
  4497 | D:5      | Reached **** piety under Trog
  4605 | D:5      | Found a sacrificial altar of Ru.
  4605 | D:5      | Found a shimmering altar of Xom.
  4605 | D:5      | Found a shimmering blue altar of Sif Muna.
  4615 | D:5      | Found a glowing golden altar of the Shining One.
  4618 | D:5      | Found a sparkling altar of Nemelex Xobeh.
  4755 | D:6      | Reached XP level 8. HP: 71/71 MP: 7/7
  6770 | D:8      | Reached XP level 9. HP: 50/81 MP: 8/8
  6808 | D:8      | Found an opulent altar of Gozag.
  7066 | D:8      | Reached XP level 10. HP: 22/91 MP: 9/9
  7103 | D:8      | Noticed a centaur warrior
  7109 | D:8      | Killed a centaur warrior
  7298 | D:8      | Noticed a brown ugly thing
  7307 | D:8      | Killed a brown ugly thing
  7308 | D:8      | Reached skill level 10 in Fighting
  7308 | D:8      | Reached skill level 10 in Axes
  7415 | D:8      | Noticed Prince Ribbit
  7424 | D:8      | Killed Prince Ribbit
  7518 | D:8      | Noticed a centaur warrior
  7526 | D:8      | Killed a centaur warrior
  7558 | D:8      | Found a stormy altar of Qazlal.
  7611 | D:8      | Reached skill level 10 in Armour
  7781 | D:8      | Noticed Pikel
  7791 | D:8      | Killed Pikel
  8062 | D:9      | Reached XP level 11. HP: 101/101 MP: 10/10
  8219 | D:9      | Reached ***** piety under Trog
  8269 | D:9      | Found a staircase to the Orcish Mines.
  8279 | D:9      | Found a runed translucent gate.
  8279 | D:9      | Found a runed translucent gate.
  8281 | D:9      | Found a runed translucent gate.
  8282 | D:9      | Noticed AlexRAT's ghost (novice MiBe)
  8428 | D:9      | Reached skill level 10 in Dodging
  8664 | D:9      | Found a bloodstained altar of Trog.
  8739 | D:9      | Noticed Maurice
  8744 | D:9      | Killed Maurice
  9041 | D:10     | Entered Level 10 of the Dungeon
  9041 | D:10     | Noticed Psyche
  9046 | D:10     | Killed Psyche
  9206 | D:10     | Found a broken altar of Ashenzari.
  9341 | D:10     | Found a burning altar of Makhleb.
  9368 | D:10     | Found a hide-covered altar of Uskayaw.
  9592 | D:10     | Found a staircase to the Lair.
  9872 | D:11     | Noticed a soul eater
  9978 | D:11     | Noticed Flure's ghost (journeyman KoBr)
  9986 | D:11     | Found a transporter.
 10022 | D:11     | Found a transporter.
 10058 | D:11     | Found Gitwudiu's Antique Weapon Shoppe.
 10299 | D:11     | Received a gift from Trog
 10328 | D:11     | Noticed a seven-headed hydra
 10425 | D:11     | Found a portal to a secret trove of treasure.
 10689 | D:12     | Noticed a cyan ugly thing
 10694 | D:12     | Killed a cyan ugly thing
 10695 | D:12     | Reached XP level 12. HP: 113/113 MP: 11/11
 11409 | Lair:1   | Entered Level 1 of the Lair of Beasts
 11702 | Lair:1   | Noticed a four-headed hydra
 11712 | Lair:1   | Killed an eight-headed hydra
 12736 | Lair:2   | Reached skill level 1 in Ranged Weapons
 12736 | Lair:2   | Reached skill level 1 in Evocations
 13209 | Lair:3   | Found a hole to the Spider Nest.
 13216 | Lair:3   | Found a gate leading to a gauntlet.
 13226 | Gauntlet | Entered a Gauntlet
 13226 | Gauntlet | Found a transporter.
 13226 | Gauntlet | Found a transporter.
 13229 | Gauntlet | Found a transporter.
 13230 | Gauntlet | Found a transporter.
 13232 | Gauntlet | Found a transporter.
 13253 | Gauntlet | Identified 2 scrolls of acquirement
 13256 | Gauntlet | Acquired a ring of protection from fire
 13270 | Gauntlet | Acquired the +0 hat "Yfinaut" {rF++}
 13308 | Gauntlet | Found a transporter.
 13311 | Gauntlet | Found a transporter.
 13311 | Gauntlet | Found a transporter.
 13314 | Gauntlet | Noticed an entropy weaver
 13328 | Gauntlet | Found a transporter.
 13341 | Gauntlet | Found a transporter.
 13350 | Gauntlet | Noticed a dire elephant
 13353 | Gauntlet | Found a transporter.
 13368 | Gauntlet | Found a transporter.
 13390 | Gauntlet | Found a transporter.
 13401 | Gauntlet | Found a runed translucent door.
 13401 | Gauntlet | Found a runed translucent door.
 13405 | Gauntlet | Found a transporter.
 13454 | Gauntlet | Reached XP level 13. HP: 123/123 MP: 12/12
 13517 | Gauntlet | Identified the ring of Attuvvub {rN+ Str+4 SInv}
 13544 | Gauntlet | HP: 6/184 [poisoned by a wolf spider]
 13544 | Gauntlet | HP: 2/184 [entropy weaver (4)]
 13544 | Gauntlet | Slain by an entropy weaver

Illustrated notes

Levels and vault maps discovered:
D:1:      ebering_hopf_link, layout_rooms, serial_aquarium,
          aquarium_bridge_long_separate [aquarium_subvault_window,
          aquarium_subvault_bridge, aquarium_subvault_bridge,
          aquarium_subvault_bridge, aquarium_subvault_bridge,
          aquarium_subvault_wall], aquarium_bridge_square
          [aquarium_subvault_wall, aquarium_subvault_bridge,
          aquarium_subvault_bridge, aquarium_subvault_window],
          aquarium_window_fake, aquarium_window_corner, aquarium_view_2b,
          aquarium_view_2f, aquarium_pool_five, shapermc_ecumenical_altar_gd
D:2:      layout_rooms, basic_altar, minmay_misc_feat_plants, fountainhead,
          patterned_corridor
D:3:      layout_basic, nicolae_overflow_ecumenical_swirl,
          mainiacjoe_overflow_concentric_impassable, elyvilon_altar_1,
          uniq_natasha, uniq_ijyb
D:4:      layout_basic, minmay_temple_entry_fiery, serial_bayou_pond_a
D:5:      corexii_shack_village, layout_loops_ring, amcnicky_altar_gilded,
          minmay_overflow_temple_star_hex, kennysheep_slug_shrine,
          lightli_sewer_entry_pipes
D:6:      layout_gridville, minmay_strange_pillars, kennysheep_cross_room
D:7:      layout_layer_cave
D:8:      minmay_quarter_circles, layout_basic, mainiacjoe_overflow_paths,
          mainiacjoe_overflow_tiny_flanked, uniq_pikel, uniq_prince_ribbit1
D:9:      layout_basic, general_overflow_altar, david_orc_3,
          biasface_ghost_orc_armoury, uniq_maurice
D:10:     layout_rooms, lightli_temple_of_fire, nicolae_uskayaw_dance_studio,
          evilmike_ruin_ashenzari, erik_lair_dragon, uniq_psyche
D:11:     layout_gridville, gammafunk_ghost_berserking_beasts,
          nicolae_trove_entry_free_sample, serial_shops,
          nicolae_shop_behind_doors, kennysheep_generic_room_16
D:12:     layout_long_grid, minmay_nine_imps
Lair:1:   layout_chaotic_city, dreamdust_gnoll_shepherd, grunt_megastairs_1,
          serial_bayou_shore_a
Lair:2:   layout_loops_ring, serial_bayou_shore_b, wad_woods_river_01
Lair:3:   layout_chaotic_city, swamp_mist, dummy_spider_entry,
          gauntlet_entry_generic, lemuel_centaur_altar
Gauntlet: gammafunk_gauntlet_mixed_choke_point [minmay_gauntlet_arena_77_museum,
          minmay_gauntlet_arena_77_fan, minmay_gauntlet_arena_77_shame_cube,
          gammafunk_gauntlet_arena_crates,
          minmay_gauntlet_arena_77_chump_sandwich,
          minmay_gauntlet_arena_77_block_sizes, minmay_gauntlet_arena_77_mess,
          gauntlet_exit_watery]

Skill      XL: |  1  2  3  4  5  6  7  8  9 10 11 12 13 |
---------------+----------------------------------------+-----
Axes           | 4 5 6 8 9 10 12 13 | 13.8
Fighting       | 4 5 6 8 9 10 12 13 | 13.8
Armour         | 3 4 5 7 8 10 12 13 | 13.0
Dodging        | 3 4 5 6 8 9 11 12 | 12.0
Ranged Weapons | 2 3 |  3.0
Evocations     | 2 |  2.4

Action                   |  1- 3 |  4- 6 |  7- 9 | 10-12 | 13-15 || total
-------------------------+-------+-------+-------+-------+-------++-------
Melee: Whip              |    79 |    74 |   248 |       |       ||   401
       Headbutt          |     9 |     9 |    41 |    68 |     5 ||   132
       Punch             |       |     1 |     3 |       |       ||     4
       Battleaxe         |       |       |    38 |   252 |       ||   290
       Executioner's axe |       |       |       |   168 |    14 ||   182
 Fire: Arbalest          |       |       |       |    71 |       ||    71
Invok: Berserk           |       |     1 |     5 |     8 |     1 ||    15
       Trog's Hand       |       |       |     3 |     2 |     1 ||     6
Evoke: Wand              |       |       |       |     1 |       ||     1
  Use: Scroll            |       |     2 |     6 |    16 |       ||    24
       Potion            |       |       |     1 |     1 |       ||     2
 Stab: Sleeping          |     1 |       |       |       |       ||     1
Armor: Scale mail        |    23 |       |       |       |       ||    23
       Animal skin       |    10 |    10 |    88 |     5 |       ||   113
       Plate armour      |       |       |       |   377 |    10 ||   387
Dodge: Dodged            |    40 |    45 |   261 |   327 |    10 ||   683
